| TOP OF THE 1ST |
|
Mobile BayBears batting - Pitching for Reading Fightin Phils : LHP Tim Lawson
|
|
Pitching: LHP Tim Lawson
|
|
|
Batting: RHB Luke Stark
|
0-0: Ball 1-0: Foul Ball, location: 2F 1-1: Called Strike 1-2: Ball 2-2: Fly out, F7 (Line Drive, 7, EV 90.0 MPH)
|
|
Batting: RHB Francisco Gutierrez
|
0-0: Called Strike 0-1: Ground out U3 (Groundball, 34, EV 87.5 MPH)
|
|
Batting: SHB Ken Welch
|
0-0: Ball 1-0: Fly out, F7 (Line Drive, 7S, EV 103.1 MPH)
|
| Top of the 1st over - 0 runs, 0 hits, 0 errors, 0 left on base; Mobile 0 - Reading 0 |
| BOTTOM OF THE 1ST |
|
Reading Fightin Phils batting - Pitching for Mobile BayBears : RHP Chad Toms
|
|
Pitching: RHP Chad Toms
|
|
|
Batting: RHB Alberto Ramirez
|
0-0: Ball 1-0: Ball 2-0: Foul Ball, location: 2F 2-1: Ground out 3-1 (Groundball, 34S, EV 73.1 MPH)
|
|
Batting: RHB Chris Myers
|
0-0: Ball 1-0: Ground out U3 (Groundball, 13, EV 93.8 MPH)
|
|
Batting: RHB Greg Herzig
|
0-0: Called Strike 0-1: Ball 1-1: Ball 2-1: Ball 3-1: Foul Ball, location: 2F 3-2: Base on Balls
|
|
Batting: RHB Victor Arroyo
|
0-0: Ball 1-0: Foul Ball, location: 2F 1-1: Ball 2-1: Fielders Choice at 2nd, 6-4 (Groundball, 56, EV 103.8 MPH)
|
| Bottom of the 1st over - 0 runs, 0 hits, 0 errors, 1 left on base; Mobile 0 - Reading 0 |
| TOP OF THE 2ND |
|
Mobile BayBears batting - Pitching for Reading Fightin Phils : LHP Tim Lawson
|
|
Batting: RHB Seth Tramontano
|
0-0: Ball 1-0: Ground out 6-3 (Groundball, 56, EV 101.2 MPH)
|
|
Batting: SHB Reagan Dudley
|
0-0: Called Strike 0-1: Ball 1-1: Ball 2-1: Ball 3-1: Swinging Strike 3-2: Foul Ball, location: 2F 3-2: Base on Balls
|
|
Batting: RHB Josh Burrows
|
0-0: Ball 1-0: Foul Ball, location: 2F 1-1: Called Strike 1-2: SINGLE (Groundball, 4D, EV 95.0 MPH) Reagan Dudley to second
|
|
Batting: RHB D.J. Cooke
|
0-0: Ball 1-0: Called Strike 1-1: Foul Ball, location: 2F 1-2: Grounds into double play, 4-6-3 (Groundball, 34, EV 84.4 MPH)
|
| Top of the 2nd over - 0 runs, 1 hit, 0 errors, 1 left on base; Mobile 0 - Reading 0 |
| BOTTOM OF THE 2ND |
|
Reading Fightin Phils batting - Pitching for Mobile BayBears : RHP Chad Toms
|
|
Batting: RHB Mike Bell
|
0-0: Called Strike 0-1: Ball 1-1: SINGLE (Line Drive, 4MD, EV 99.4 MPH)
|
|
Batting: RHB David Clough
|
0-0: Called Strike 0-1: Called Strike 0-2: Ball Passed Ball! Mike Bell to second 1-2: SINGLE (Line Drive, 34D, EV 98.8 MPH) Mike Bell to third Runner from 3rd tries for Home, SAFE, throw by RF to home David Clough to second
|
|
Batting: SHB Marco de Leon
|
0-0: Ball 1-0: Called Strike David Clough is caught stealing 3rd base 2-5 1-1: Fly out, F4 (Line Drive, 34, EV 71.9 MPH)
|
|
Batting: RHB Victor Arias
|
0-0: Ball 1-0: Called Strike 1-1: Swinging Strike 1-2: SINGLE (Groundball, 3S, EV 71.9 MPH) (infield hit)
|
|
Batting: RHB Jake Cox
|
0-0: Called Strike 0-1: Called Strike 0-2: Foul Ball, location: 2F 0-2: Foul Ball, location: 2F 0-2: Ball 1-2: Fly out, F8 (Flyball, 8RXD, EV 102.5 MPH)
|
| Bottom of the 2nd over - 1 run, 3 hits, 0 errors, 1 left on base; Mobile 0 - Reading 1 |
| TOP OF THE 3RD |
|
Mobile BayBears batting - Pitching for Reading Fightin Phils : LHP Tim Lawson
|
|
Batting: LHB Koson Hirai
|
0-0: Called Strike 0-1: Ball 1-1: Swinging Strike 1-2: Fly out, F7 (Flyball, 78S, EV 90.6 MPH)
|
|
Batting: SHB John Cummings
|
0-0: Ball 1-0: Swinging Strike 1-1: SINGLE (Groundball, 56S, EV 71.9 MPH) (infield hit)
|
|
Batting: RHB Luke Stark
|
0-0: Ball 1-0: Ball 2-0: Called Strike 2-1: Foul Ball, location: 2F 2-2: Ball 3-2: Fly out, F7 (Flyball, 78S, EV 88.1 MPH)
|
|
Batting: RHB Francisco Gutierrez
|
0-0: Foul Ball, location: 2F 0-1: Ball 1-1: Foul Ball, location: 2F 1-2: Foul Ball, location: 2F 1-2: Fly out, F8 (Flyball, 89XD, EV 102.5 MPH)
|
| Top of the 3rd over - 0 runs, 1 hit, 0 errors, 1 left on base; Mobile 0 - Reading 1 |
| BOTTOM OF THE 3RD |
|
Reading Fightin Phils batting - Pitching for Mobile BayBears : RHP Chad Toms
|
|
Batting: RHB Alberto Ramirez
|
0-0: Called Strike 0-1: Ball 1-1: Foul Ball, location: 2F 1-2: Ball 2-2: Strikes out swinging
|
|
Batting: RHB Chris Myers
|
0-0: Called Strike 0-1: Foul Ball, location: 2F 0-2: Ball 1-2: SINGLE (Groundball, 6D, EV 95.6 MPH)
|
|
Batting: RHB Greg Herzig
|
0-0: Ball 1-0: Ball Chris Myers is caught stealing 2nd base 2-4 2-0: Ball 3-0: Base on Balls
|
|
Batting: RHB Victor Arroyo
|
0-0: Called Strike 0-1: Ball 1-1: Called Strike 1-2: Ball 2-2: Ball Greg Herzig steals 2nd base 3-2: Strikes out swinging
|
| Bottom of the 3rd over - 0 runs, 1 hit, 0 errors, 1 left on base; Mobile 0 - Reading 1 |
| TOP OF THE 4TH |
|
Mobile BayBears batting - Pitching for Reading Fightin Phils : LHP Tim Lawson
|
|
Batting: SHB Ken Welch
|
0-0: Ground out 6-3 (Groundball, 6M, EV 104.4 MPH)
|
|
Batting: RHB Seth Tramontano
|
0-0: Called Strike 0-1: Ball 1-1: Called Strike 1-2: DOUBLE (Line Drive, 9LS, EV 96.9 MPH)
|
|
Batting: SHB Reagan Dudley
|
0-0: Called Strike 0-1: Foul Ball, location: 2F 0-2: Foul Ball, location: 2F 0-2: Ball Wild Pitch! Seth Tramontano to third 1-2: Ground out 6-3 (Groundball, 6, EV 83.8 MPH)
|
|
Batting: RHB Josh Burrows
|
0-0: Ball 1-0: Ball 2-0: Ball 3-0: Called Strike 3-1: Called Strike 3-2: Foul Ball, location: 2F 3-2: Ground out 6-3 (Groundball, 6M, EV 78.1 MPH)
|
| Top of the 4th over - 0 runs, 1 hit, 0 errors, 1 left on base; Mobile 0 - Reading 1 |
| BOTTOM OF THE 4TH |
|
Reading Fightin Phils batting - Pitching for Mobile BayBears : RHP Chad Toms
|
|
Batting: RHB Mike Bell
|
0-0: Foul Ball, location: 2F 0-1: Ball 1-1: Ball 2-1: Foul Ball, location: 2F 2-2: Foul Ball, location: 2F 2-2: Ball 3-2: Ground out 6-3 (Groundball, 56, EV 89.4 MPH)
|
|
Batting: RHB David Clough
|
0-0: Called Strike 0-1: Ball 1-1: Fly out, F8 (Flyball, 8RD, EV 101.9 MPH)
|
|
Batting: SHB Marco de Leon
|
0-0: Called Strike 0-1: Ball 1-1: Foul Ball, location: 2F 1-2: Fly out, F8 (Flyball, 8LXD, EV 83.8 MPH)
|
| Bottom of the 4th over - 0 runs, 0 hits, 0 errors, 0 left on base; Mobile 0 - Reading 1 |
| TOP OF THE 5TH |
|
Mobile BayBears batting - Pitching for Reading Fightin Phils : LHP Tim Lawson
|
|
Batting: RHB D.J. Cooke
|
0-0: Called Strike 0-1: Foul Ball, location: 2F 0-2: Foul Ball, location: 2F 0-2: SINGLE (Groundball, 34D, EV 110.6 MPH)
|
|
Batting: LHB Koson Hirai
|
0-0: Ball 1-0: Ball 2-0: DOUBLE (Flyball, 8LXD, EV 109.4 MPH) D.J. Cooke to third Runner from 3rd tries for Home, SAFE, throw by CF to home
|
|
Batting: SHB John Cummings
|
0-0: Ball 1-0: Swinging Strike 1-1: Ball 2-1: Foul Ball, location: 2F 2-2: Ground out 5-3 (Groundball, 5, EV 92.5 MPH)
|
|
Batting: RHB Luke Stark
|
0-0: Called Strike 0-1: Called Strike Koson Hirai is caught stealing 3rd base 2-5 0-2: Ball 1-2: Foul Ball, location: 2F 1-2: Ball 2-2: Ball 3-2: Foul Ball, location: 2F 3-2: Base on Balls
|
|
Batting: RHB Francisco Gutierrez
|
0-0: Called Strike 0-1: Ball 1-1: Foul Ball, location: 2F 1-2: Fielders Choice at 2nd, 6-4 (Groundball, 6, EV 110.0 MPH)
|
| Top of the 5th over - 1 run, 2 hits, 0 errors, 1 left on base; Mobile 1 - Reading 1 |
| BOTTOM OF THE 5TH |
|
Reading Fightin Phils batting - Pitching for Mobile BayBears : RHP Chad Toms
|
|
Batting: RHB Victor Arias
|
0-0: Foul Ball, location: 2F 0-1: Ball 1-1: Foul Ball, location: 2F 1-2: Ball 2-2: Ball 3-2: DOUBLE (Line Drive, 5D, EV 108.1 MPH)
|
|
Batting: RHB Jake Cox
|
0-0: Called Strike 0-1: Ball 1-1: Called Strike 1-2: Ball 2-2: Fly out, F9 (Flyball, 9LD, EV 90.0 MPH) Runner from 2nd tags up, SAFE at 3rd, no throw by RF
|
|
Batting: RHB Alberto Ramirez
|
0-0: Ground out 4-3 (Groundball, 4M, EV 85.0 MPH) Victor Arias scores
|
|
Batting: RHB Chris Myers
|
0-0: Called Strike 0-1: Foul Ball, location: 2F 0-2: Strikes out swinging
|
| Bottom of the 5th over - 1 run, 1 hit, 0 errors, 0 left on base; Mobile 1 - Reading 2 |
| TOP OF THE 6TH |
|
Mobile BayBears batting - Pitching for Reading Fightin Phils : LHP Tim Lawson
|
|
Pitching: RHP T.J. Gray
|
|
|
Batting: SHB Ken Welch
|
0-0: Ball 1-0: Called Strike 1-1: Ball 2-1: Ball 3-1: Base on Balls
|
|
Batting: RHB Seth Tramontano
|
0-0: Ball 1-0: Ball 2-0: Ball 3-0: Base on Balls Ken Welch to second
|
|
Batting: SHB Reagan Dudley
|
0-0: Foul Ball, location: 2F 0-1: SINGLE (Groundball, 4MS, EV 63.1 MPH) (infield hit) Ken Welch to third Seth Tramontano to second
|
|
Pinch Hitting: LHB Yao-pang Tien
|
0-0: Called Strike 0-1: SINGLE (Flyball, 9LS, EV 87.5 MPH) Ken Welch scores Seth Tramontano to third Reagan Dudley to second Runner from 3rd tries for Home, SAFE, throw by RF to home
|
|
Batting: RHB D.J. Cooke
|
0-0: Ball 1-0: Ball 2-0: Called Strike 2-1: Ball 3-1: Base on Balls Reagan Dudley to third Yao-pang Tien to second
|
|
Batting: LHB Koson Hirai
|
0-0: Called Strike 0-1: Ball 1-1: Grounds into fielders choice 4-2 (Groundball, 4MS, EV 71.2 MPH) Yao-pang Tien to third D.J. Cooke to second
|
|
Batting: SHB John Cummings
|
0-0: Ball 1-0: Foul Ball, location: 2F 1-1: Ball 2-1: Grounds into double play, 4-2-3 (Groundball, 34S, EV 65.0 MPH)
|
| Top of the 6th over - 2 runs, 2 hits, 0 errors, 2 left on base; Mobile 3 - Reading 2 |
| BOTTOM OF THE 6TH |
|
Reading Fightin Phils batting - Pitching for Mobile BayBears : RHP Chad Toms
|
|
Now at 2B: Carlos Ballesteros
|
|
|
Now at 3B: Luke Stark
|
|
|
Batting: RHB Greg Herzig
|
0-0: Called Strike 0-1: Foul Ball, location: 2F 0-2: Foul Ball, location: 2F 0-2: Foul Ball, location: 2F 0-2: Ball 1-2: SINGLE (Groundball, 6M, EV 88.8 MPH) (infield hit)
|
|
Pinch Runner at 1st John Manocchio:
|
|
|
Batting: RHB Victor Arroyo
|
0-0: Called Strike 0-1: Foul Ball, location: 2F 0-2: Foul Ball, location: 2F 0-2: Foul Ball, location: 2F 0-2: Grounds into double play, 4-6-3 (Groundball, 4M, EV 88.8 MPH)
|
|
Batting: RHB Mike Bell
|
0-0: Called Strike 0-1: Ball 1-1: Called Strike 1-2: Ball 2-2: Ball 3-2: Foul Ball, location: 2F 3-2: DOUBLE (Line Drive, 89XD, EV 105.6 MPH)
|
|
Batting: RHB David Clough
|
0-0: Ball 1-0: Called Strike 1-1: Swinging Strike 1-2: Foul Ball, location: 2F 1-2: Fly out, F8 (Flyball, 78M, EV 88.8 MPH)
|
| Bottom of the 6th over - 0 runs, 2 hits, 0 errors, 1 left on base; Mobile 3 - Reading 2 |
| TOP OF THE 7TH |
|
Mobile BayBears batting - Pitching for Reading Fightin Phils : RHP T.J. Gray
|
|
Pitching: RHP Jonathan Beishline
|
|
|
Now at 1B: John Manocchio
|
|
|
Batting: RHB Luke Stark
|
0-0: Called Strike 0-1: Fly out, F9 (Flyball, 8RS, EV 80.0 MPH)
|
|
Batting: RHB Francisco Gutierrez
|
0-0: Called Strike 0-1: SINGLE (Flyball, 56D, EV 88.8 MPH)
|
|
Batting: SHB Ken Welch
|
0-0: Ball 1-0: Foul Ball, location: 2F 1-1: Reached on error, E4 (Groundball, 4, EV 79.4 MPH) Francisco Gutierrez to second
|
|
Batting: RHB Seth Tramontano
|
0-0: Called Strike 0-1: Ball 1-1: Ball 2-1: Ball 3-1: Foul Ball, location: 2F 3-2: Fielders Choice at 2nd, 1-4 (Groundball, 15S, EV 61.9 MPH) Francisco Gutierrez to third
|
|
Batting: SHB Reagan Dudley
|
0-0: Foul Ball, location: 2F 0-1: Ball 1-1: Ground out 4-3 (Groundball, 13, EV 82.5 MPH)
|
| Top of the 7th over - 0 runs, 1 hit, 1 error, 2 left on base; Mobile 3 - Reading 2 |
| BOTTOM OF THE 7TH |
|
Reading Fightin Phils batting - Pitching for Mobile BayBears : RHP Chad Toms
|
|
Pitching: LHP Heath Henderson
|
|
|
Batting: SHB Marco de Leon
|
0-0: Foul Ball, location: 2F 0-1: Ball 1-1: Ground out 5-3 (Groundball, 5, EV 78.1 MPH)
|
|
Batting: RHB Victor Arias
|
0-0: Foul Ball, location: 2F 0-1: Swinging Strike 0-2: Foul Ball, location: 2F 0-2: Strikes out swinging
|
|
Batting: RHB Jake Cox
|
0-0: Foul Ball, location: 2F 0-1: Foul Ball, location: 2F 0-2: Ball 1-2: Ball 2-2: Strikes out looking
|
| Bottom of the 7th over - 0 runs, 0 hits, 0 errors, 0 left on base; Mobile 3 - Reading 2 |
| TOP OF THE 8TH |
|
Mobile BayBears batting - Pitching for Reading Fightin Phils : RHP Jonathan Beishline
|
|
Batting: RHB Carlos Ballesteros
|
0-0: Ball 1-0: Called Strike 1-1: Called Strike 1-2: Foul Ball, location: 2F 1-2: SINGLE (Groundball, 6S, EV 70.6 MPH) (infield hit)
|
|
Batting: RHB D.J. Cooke
|
0-0: SINGLE (Flyball, 8LS, EV 88.1 MPH) Carlos Ballesteros to second
|
|
Batting: LHB Koson Hirai
|
0-0: Ball 1-0: Ball 2-0: Called Strike 2-1: Foul Ball, location: 2F 2-2: Strikes out looking
|
|
Batting: SHB John Cummings
|
0-0: Swinging Strike 0-1: Ball 1-1: Foul Ball, location: 2F 1-2: Ball 2-2: Strikes out swinging
|
|
Pitching: RHP Ian Savary
|
|
|
Batting: RHB Luke Stark
|
0-0: Ball 1-0: Foul Ball, location: 2F 1-1: Swinging Strike 1-2: Foul Ball, location: 2F 1-2: Ball 2-2: Ball 3-2: Foul Ball, location: 2F 3-2: Base on Balls Carlos Ballesteros to third D.J. Cooke to second
|
|
Batting: RHB Francisco Gutierrez
|
0-0: Reached on error, E5 (Groundball, 5, EV 86.9 MPH) Carlos Ballesteros scores D.J. Cooke to third Luke Stark to second
|
|
Batting: SHB Ken Welch
|
0-0: Called Strike 0-1: Foul Ball, location: 2F 0-2: GRAND SLAM HOME RUN (Flyball, 9LD, EV 95.6 MPH), Distance : 349 ft
|
|
Batting: RHB Seth Tramontano
|
0-0: Called Strike 0-1: Ball 1-1: DOUBLE (Flyball, 8RXD, EV 105.0 MPH)
|
|
Batting: SHB Reagan Dudley
|
0-0: Called Strike 0-1: Ball 1-1: Foul Ball, location: 2F 1-2: Ball 2-2: Strikes out swinging
|
| Top of the 8th over - 5 runs, 4 hits, 1 error, 1 left on base; Mobile 8 - Reading 2 |
| BOTTOM OF THE 8TH |
|
Reading Fightin Phils batting - Pitching for Mobile BayBears : LHP Heath Henderson
|
|
Batting: RHB Alberto Ramirez
|
0-0: Called Strike 0-1: SINGLE (Groundball, 56, EV 93.8 MPH)
|
|
Batting: RHB Chris Myers
|
0-0: Foul Ball, location: 2F 0-1: Fielders Choice at 2nd, 1-6 (Groundball, 13S, EV 61.9 MPH)
|
|
Batting: RHB John Manocchio
|
0-0: Foul Ball, location: 2F 0-1: Foul Ball, location: 2F 0-2: Fly out, F9 (Flyball, 9, EV 78.8 MPH)
|
|
Batting: RHB Victor Arroyo
|
0-0: Ball 1-0: Fly out, F8 (Flyball, 8RD, EV 106.9 MPH)
|
| Bottom of the 8th over - 0 runs, 1 hit, 0 errors, 1 left on base; Mobile 8 - Reading 2 |
| TOP OF THE 9TH |
|
Mobile BayBears batting - Pitching for Reading Fightin Phils : RHP Ian Savary
|
|
Batting: RHB Carlos Ballesteros
|
0-0: SINGLE (Groundball, 6MS, EV 76.9 MPH) (infield hit)
|
|
Batting: RHB D.J. Cooke
|
0-0: Ball Carlos Ballesteros steals 2nd base (no throw) 1-0: Called Strike 1-1: Called Strike 1-2: Fly out, F9 (Flyball, 9D, EV 99.4 MPH) Runner from 2nd tags up, SAFE at 3rd, no throw by RF
|
|
Batting: LHB Koson Hirai
|
0-0: Ball 1-0: Ball 2-0: Ball 3-0: Base on Balls
|
|
Batting: SHB John Cummings
|
0-0: Ball 1-0: Swinging Strike 1-1: Ball 2-1: Called Strike 2-2: Strikes out swinging
|
|
Batting: RHB Luke Stark
|
0-0: Foul Ball, location: 2F 0-1: Foul Ball, location: 2F 0-2: Ball 1-2: Ball 2-2: Strikes out swinging
|
| Top of the 9th over - 0 runs, 1 hit, 0 errors, 2 left on base; Mobile 8 - Reading 2 |
| BOTTOM OF THE 9TH |
|
Reading Fightin Phils batting - Pitching for Mobile BayBears : LHP Heath Henderson
|
|
Batting: RHB Mike Bell
|
0-0: Ball 1-0: Ball 2-0: Ball 3-0: Called Strike 3-1: Base on Balls
|
|
Batting: RHB David Clough
|
0-0: Called Strike 0-1: Ball Wild Pitch! Mike Bell to second 1-1: Called Strike 1-2: Strikes out looking
|
|
Batting: SHB Marco de Leon
|
0-0: Ball 1-0: Foul Ball, location: 2F 1-1: Called Strike 1-2: Ball 2-2: Foul Ball, location: 2F 2-2: Fly out, F8 (Flyball, 8LXD, EV 99.4 MPH) Runner from 2nd tags up, SAFE at 3rd, no throw by CF
|
|
Batting: RHB Victor Arias
|
0-0: Ball 1-0: Foul Ball, location: 2F 1-1: Foul Ball, location: 2F 1-2: Ball 2-2: Ground out 6-3 (Groundball, 6, EV 91.9 MPH)
|
| Bottom of the 9th over - 0 runs, 0 hits, 0 errors, 1 left on base; Mobile 8 - Reading 2 |
|